 Dungeon Crawl Stone Soup version 0.21.1-1-g345015fe64 (webtiles) character file.

592 smiqu the Skirmisher (level 7, -3/76 HPs)
             Began as an Ogre Fighter on July 22, 2018.
             Was an Initiate of Okawaru.
             Killed from afar by an orc wizard (7 damage)
             ... with a magic dart
             ... on level 4 of the Dungeon.
             The game lasted 00:06:46 (5489 turns).

smiqu the Skirmisher (Ogre Fighter)                 Turns: 5489, Time: 00:06:46

Health: -3/76      AC:  4    Str: 23    XL:     7   Next: 39%
Magic:  7/7        EV:  7    Int:  9    God:    Okawaru [......]
Gold:   171        SH:  8    Dex:  8    Spells: 6/6 levels left

rFire    + . .     SeeInvis .   a - +0 flail
rCold    . . .     Gourm    .   c - +0 shield
rNeg     . . .     Faith    .   b - +0 robe
rPois    .         Spirit   .   (helmet restricted)
rElec    .         Reflect  .   d - +0 cloak
rCorr    .         Harm     .   (gloves unavailable)
MR       .....                  (boots unavailable)
Stlth    ++........             (no amulet)
HPRegen  0.22/turn              h - ring of stealth
MPRegen  0.10/turn              l - ring of protection from fire

@: heavily drained
A: large, unfitting armour, tough skin 1
a: Renounce Religion


You were on level 4 of the Dungeon.
You worshipped Okawaru.
Okawaru was noncommittal.
You were not hungry.

You visited 2 branches of the dungeon, and saw 6 of its levels.

You collected 171 gold pieces.

Inventory:

Hand Weapons
 a - a +0 flail (weapon)
Armour
 b - a +0 robe (worn)
 c - a +0 shield (worn)
 d - a +0 cloak (worn)
Jewellery
 h - a ring of stealth (left hand)
 l - a ring of protection from fire (right hand)
 w - an uncursed amulet of harm
Wands
 q - a wand of polymorph (14)
 u - a wand of flame (36)
 x - a wand of enslavement (6)
Scrolls
 g - 5 scrolls of remove curse {unknown}
 i - 2 scrolls of blinking {unknown}
 j - 3 scrolls of identify {unknown}
 n - 2 scrolls of immolation {unknown}
 o - 2 scrolls of teleportation {unknown}
 p - a scroll of amnesia {unknown}
 s - 2 scrolls of magic mapping {unknown}
Potions
 e - a potion of brilliance {unknown}
 k - a potion of resistance {unknown}
 m - a potion of curing
 r - a potion of cancellation {unknown}
 t - a potion of agility {unknown}
 v - a potion of flight {unknown}
Comestibles
 f - 4 rations


   Skills:
 + Level 6.8(5.2) Fighting
 * Level 5.8(4.2) Maces & Flails
 - Level 2.6(1.2) Dodging
 - Level 3.2(1.7) Shields


You had 6 spell levels left.
You didn't know any spells.

Dungeon Overview and Level Annotations

Branches:
Dungeon (5/15)             Temple (1/1) D:4

Altars:
Ashenzari
Cheibriados
Dithmenos
Elyvilon
Fedhas
Gozag
Hepliaklqana
Kikubaaqudgha
Makhleb
Nemelex Xobeh
Okawaru
Qazlal
Ru
Trog
Uskayaw
Vehumet
Wu Jian
Xom
Zin
The Shining One


Innate Abilities, Weirdness & Mutations

You are too large for most types of armour.
You have tough skin. (AC +1)


Message History

Beogh smites you!
* * * LOW HITPOINT WARNING * * *
The orc wizard casts a spell at you.
You easily resist.
The orc wizard hits you but does no damage.
You block the leopard gecko zombie's attack.
There is a stone staircase leading up, spattered with blood here.
The orc wizard hits you but does no damage.
You block the orc wizard's attack.
The leopard gecko zombie bites you but does no damage.
The orc wizard hits you but does no damage.
You climb upwards.
There is a stone staircase leading down, spattered with blood here.
You feel better.
The orc wizard mumbles some strange words.
The orc wizard seems to speed up.
The orc hits you with a flail!
* * * LOW HITPOINT WARNING * * *
The orc wizard casts a spell at you. The magic dart hits you!
You die...

# ##.## ##...## #.# # #.#
##'## ##.# # #.# #.# #..#
#.# #.# #.## #.# ##.##
#)# #.# ##...## #.# #.#
#.....# #.#
#.#######o.o## #.#
#........o@## #######.#
##########.######.......#
#...(....#######
##########


You could see 2 orc wizards and an orc.

Vanquished Creatures
  The ghost of Ablot the Sneak, an amateur GnEn of Cheibriados (D:3)
  A phantom (D:3)
  A centaur zombie (D:5)
  2 hounds
  An orc priest (D:2)
  Crazy Yiuf (D:2)
  Jessica (D:3)
  4 adders
  An ooze (D:3)
  A worm (D:2)
  2 dart slugs
  3 leopard geckos
  5 orcs
  3 ball pythons
  4 giant cockroaches
  9 goblins
  7 hobgoblins
  12 jackals
  16 kobolds
  3 quokkas (D:2)
  3 bats
  A frilled lizard (D:2)
  A leopard gecko skeleton (D:4)
  8 rats
91 creatures vanquished.

Notes
Turn   | Place    | Note
-------+----------+-------------------------------------------
     0 | D:1      | smiqu the Ogre Fighter began the quest for the Orb.
     0 | D:1      | Reached XP level 1. HP: 24/24 MP: 1/1
   316 | D:1      | Reached XP level 2. HP: 29/32 MP: 2/2
   579 | D:1      | Reached XP level 3. HP: 16/40 MP: 3/3
  1520 | D:2      | Found a runed door.
  1524 | D:2      | Noticed Crazy Yiuf
  1534 | D:2      | Killed Crazy Yiuf
  1534 | D:2      | Reached XP level 4. HP: 11/49 MP: 4/4
  1831 | D:2      | Found a radiant altar of Vehumet.
  2146 | D:2      | Reached skill level 5 in Fighting
  2288 | D:2      | Reached XP level 5. HP: 55/57 MP: 5/5
  2535 | D:3      | Noticed Ablot's ghost (amateur GnEn)
  2588 | D:3      | Found a glowing silver altar of Zin.
  2646 | D:3      | Noticed a phantom
  2701 | D:3      | Killed a phantom
  2897 | D:2      | Reached XP level 6. HP: 6/67 MP: 6/6
  3265 | D:3      | Killed Ablot's ghost
  3265 | D:3      | Reached skill level 6 in Fighting
  3265 | D:3      | Reached skill level 5 in Maces & Flails
  3288 | D:3      | Reached XP level 7. HP: 37/76 MP: 7/7
  3483 | D:3      | Noticed Jessica
  3497 | D:3      | Killed Jessica
  3694 | D:3      | Found a shimmering altar of Xom.
  3754 | D:3      | Found an ornate altar of the Wu Jian Council.
  3754 | D:3      | Found a burning altar of Makhleb.
  3826 | D:3      | Found a blossoming altar of Fedhas.
  3829 | D:3      | Found an ancient bone altar of Kikubaaqudgha.
  4308 | D:4      | Found a hide-covered altar of Uskayaw.
  4450 | D:4      | Noticed a dagger
  4451 | D:4      | Noticed a dagger
  4637 | D:4      | Found a staircase to the Ecumenical Temple.
  4646 | Temple   | Entered the Ecumenical Temple
  4682 | Temple   | Became a worshipper of Warmaster Okawaru
  5309 | D:5      | Entered Level 5 of the Dungeon
  5489 | D:4      | Killed from afar by an orc wizard

Skill      XL: |  1  2  3  4  5  6 |
---------------+-------------------+-----
Maces & Flails | 2 3 4 5 |  5.8
Shields        | 3 |  3.2
Fighting       | 5 6 |  6.8
Dodging        | |  2.6

Action                   |  1- 3 |  4- 6 |  7- 9 || total
-------------------------+-------+-------+-------++-------
Melee: Flail             |   131 |   142 |   104 ||   377
  Use: Potion            |     1 |     1 |     1 ||     3
 Stab: Sleeping          |       |     5 |       ||     5
  Eat: Chunk             |     2 |     3 |       ||     5
       Ration            |       |     1 |     2 ||     3
Armor: Robe              |    42 |    58 |    38 ||   138
Dodge: Dodged            |    90 |    56 |    50 ||   196
Block: Shield            |    69 |    63 |    51 ||   183
